 Dungeon Crawl Stone Soup version 0.27-a0-1525-g1038ab4fd7 (webtiles) character file.

Game seed: 5133001046054170458

23 lizzyelune the Gusty (level 2, 0/11 HPs)
             Began as a Felid Air Elementalist on July 10, 2021.
             Killed from afar by Natasha (11 damage)
             ... with a magic dart
             ... on level 2 of the Dungeon.
             The game lasted 00:15:21 (1141 turns).

lizzyelune the Gusty (Felid Air Elementalist)       Turns: 1141, Time: 00:15:22

Health: 0/11       AC:  1    Str:  4    XL:     2   Next: 75%
Magic:  6/6        EV: 17    Int: 16    God:
Gold:   13         SH:  0    Dex: 16    Spells: 4/5 levels left
                                        Lives:  0   Deaths: 0

rFire    . . .     SeeInvis +   (weapon unavailable)
rCold    . . .     Faith    .   (shield unavailable)
rNeg     . . .     Spirit   .   (armour unavailable)
rPois    .         Reflect  .   (helmet unavailable)
rElec    .         Harm     .   (cloak unavailable)
rCorr    .         Rampage  .   (gloves unavailable)
Will     .....                  (boots unavailable)
Stlth    ++........             (no amulet)
HPRegen  0.03/turn              (no ring)
MPRegen  0.10/turn              (no ring)

@: quick
A: very small, claws 1, fangs 3, see invisible, speed 1, shaggy fur 1, stealthy
paws, no weapons or thrown items, no armour, multi-lived
a: no special abilities


You were on level 2 of the Dungeon.
You visited 1 branch of the dungeon, and saw 2 of its levels.

You collected 13 gold pieces.

Inventory:

Missiles
 a - 90 stones
Armour
 e - a +0 pair of boots
Potions
 c - a potion of curing


   Skills:
 + Level 2.7 Dodging
 + Level 2.8 Stealth
 + Level 2.4 Spellcasting
 + Level 1.2 Conjurations
 + Level 3.2 Air Magic


You had 4 spell levels left.
You knew the following spells:

 Your Spells              Type           Power      Damage    Failure   Level
a - Shock                 Conj/Air       36%        1d5       9%          1

Your spell library contained the following spells:

 Spells                   Type           Power      Damage    Failure   Level
 Static Discharge         Conj/Air       9%         N/A       12%         2
 Swiftness                Air            12%        N/A       16%         3
 Airstrike                Air            6%         N/A       47%         4


Dungeon Overview and Level Annotations

Branches:
Dungeon (2/15)

Altars:

Annotations:
D:2 Natasha


Innate Abilities, Weirdness & Mutations

You have sharp claws.
You have razor-sharp teeth.
You have supernaturally acute eyesight. (SInv)
You cover ground quickly. (Speed+)
You are covered in fur. (AC +1)
Your paws help you pounce on unaware monsters.
You are incapable of wielding weapons or throwing items.
You cannot wear armour.
You gain extra lives every three experience levels.


Message History

You open the door.
There is an open door here.
Found 23 stones.
A kobold comes into view. It is wielding a +0 club.
Found a pair of gloves.
Aiming: Shock (safe; 10% risk of failure)
Press: ? - help, Q - select action Shift-Dir - straight line
Okay, then.
Aiming: Shock (safe; 10% risk of failure)
Press: ? - help, Q - select action Shift-Dir - straight line, f - kobold
Aim: a kobold, wielding a +0 club (asleep, 100% to hit)
You miscast Shock.
You are very lightly contaminated with residual magic.
Nothing appears to happen.
Aiming: Shock (safe; 10% risk of failure)
Press: ? - help, Q - select action Shift-Dir - straight line, f/p - kobold
Aim: a kobold, wielding a +0 club (asleep, 100% to hit)
The zap hits the kobold.
You kill the kobold!
You see here 23 stones.
Pick up how many of the 23 stones (; or enter for all)?
Okay, then.
You see here 23 stones.
Aiming: Shock (safe; 9% risk of failure)
Press: ? - help, Q - select action Shift-Dir - straight line, f/p - kobold
Aim: a kobold, wielding a +0 club and quivering stones (heavily wounded, 60% to hit)
The zap hits the kobold.
You kill the kobold!
You start resting.
Magic restored.
a - 90 stones (gained 3)
You see here a +0 club.
There is a stone staircase leading down here.
You climb downwards.
Level annotation: Natasha
There is a stone staircase leading up here.
Natasha stares at you and mumbles some strange words.
The magic dart hits you!
Ouch! That really hurt!
You die...

...## .... #
####...
#.##.....
#.#.....##
#.....h..## ##
#.........# ..
#....<....# .#
#####..<@.....#
.#
.............##
.# #
####.......###
.####.#
###...........
......#
###.#.########
......#
#...>.....#
.######
#.........##
....# #
.#...........
###.# .
.#.....†...#


You could see Natasha.

Vanquished Creatures
  2 giant cockroaches
  2 goblins (D:1)
  3 hobgoblins (D:1)
  3 kobolds (D:1)
  A quokka (D:1)
  2 ball pythons (D:2)
  4 bats (D:1)
  2 frilled lizards (D:2)
  3 rats
22 creatures vanquished.

Notes
Turn   | Place    | Note
-------+----------+-------------------------------------------
     0 | D:1      | lizzyelune the Felid Air Elementalist began the quest for
                  | the Orb.
     0 | D:1      | Reached XP level 1. HP: 7/7 MP: 4/4
   185 | D:1      | Reached skill level 1 in Conjurations
   258 | D:1      | Reached skill level 3 in Air Magic
   258 | D:1      | Reached XP level 2. HP: 11/11 MP: 3/6
   373 | D:2      | Noticed Natasha
  1141 | D:2      | Killed from afar by Natasha

Illustrated notes

Levels and vault maps discovered:
D:1:      tarquinn_simple_flora_water_e, layout_loops_ring
D:2:      layout_loops_ring, uniq_robin, uniq_natasha, uniq_sigmund

Skill      XL: |  1 |
---------------+----+-----
Conjurations   | 1 |  1.2
Air Magic      | 3 |  3.2
Dodging        | |  2.7
Stealth        | |  2.8
Spellcasting   | |  2.4

Action                   || total
-------------------------++-------
Melee: Unarmed           ||    36
       Bite              ||     1
 Cast: Shock             ||    23
  Use: Scroll            ||     3
 Stab: Sleeping          ||     3
Armor: Skin              ||     6
Dodge: Dodged            ||    37

Table legend: (Time is in decaauts)
 A = Elapsed time spent in this place.
 B = Non-inter-level travel time spent in this place.
 C = Inter-level travel time spent in this place.
 D = Time resting spent in this place.
 E = Time spent auto-exploring this place.
 F = Levels seen in this place.
 G = Mean time per level.
                   A        B        C        D        E       F      G
               +--------+--------+--------+--------+--------+-----+--------+
         Total |   1021 |   1021 |      0 |    459 |      0 |   2 |  510.5 |
       Dungeon |   1021 |   1021 |      0 |    459 |      0 |   2 |  510.5 |
               +--------+--------+--------+--------+--------+-----+--------+

Top non-repeatable levels by time:
     D:1: 805 daAuts
     D:2: 216 daAuts
